 Dungeon Crawl Stone Soup version 0.29-a0-994-gc5c9f59d18 (webtiles) character file.

Game seed: 6662568591681521326

114 coolguy69 the Cutter (level 4, -13/24 HPs)
             Began as a Vine Stalker Monk on Aug 3, 2022.
             Killed by divine providence
             ... invoked by an orc priest
              (16 damage)
             ... on level 3 of the Dungeon.
             The game lasted 00:02:48 (2921 turns).

coolguy69 the Cutter (Vine Stalker Monk)            Turns: 2921, Time: 00:02:49

Health: -13/24     AC: 11    Str: 16    XL:     4   Next: 98%
Magic:  0/5        EV: 11    Int: 10    God:
Gold:   126        SH:  0    Dex: 16    Spells: 3/3 levels left

rFire   . . .      SeeInvis .   a - +0 short sword
rCold   . . .      Faith    .   (no shield)
rNeg    . . .      Spirit   +   d - +3 ring mail
rPois   +          Reflect  .   f - +0 helmet
rElec   .          Harm     .   (no cloak)
rCorr   .          Rampage  .   m - +1 pair of gloves
Will    .....                   (no boots)
Stlth   ++........              (no amulet)
HPRegen 0.88/turn               e - ring of poison resistance
MPRegen 0.09/turn               (no ring)

@: no status effects
A: fangs 2, regeneration 1, magic shield, antimagic bite, no potion heal 2
a: no special abilities


You were on level 3 of the Dungeon.
You visited 1 branch of the dungeon, and saw 3 of its levels.

You collected 126 gold pieces.

Inventory:

Hand Weapons
 a - a +0 short sword (weapon)
Armour
 d - a +3 ring mail (worn)
 f - a +0 helmet (worn)
 m - a +1 pair of gloves (worn)
Jewellery
 e - a ring of poison resistance (left hand)
Scrolls
 g - a scroll of magic mapping
 i - a scroll of summoning
 l - a scroll of identify
Potions
 b - a potion of degeneration {unknown}
 c - a potion of ambrosia
 h - 2 potions of mutation {unknown}
 j - 2 potions of curing {unknown}
 k - a potion of brilliance


   Skills:
 + Level 3.1 Fighting
 + Level 3.6 Short Blades
 + Level 1.3 Armour
 + Level 2.7 Dodging
 + Level 3.3 Stealth


You had 3 spell levels left.
You didn't know any spells.
Your spell library was empty.

Dungeon Overview and Level Annotations

Branches:
Dungeon (3/15)

Altars:
Ashenzari

Shops:
D:3 **


Innate Abilities, Weirdness & Mutations

You have extremely sharp teeth.
Your natural rate of healing is unusually fast.
When hurt, damage is shared between your health and your magic reserves.
Your bite disrupts and absorbs the magic of your enemies.
Potions cannot restore your health.


Message History

The orc priest is severely wounded.
The orc priest hits you but does no damage.
You closely miss the orc priest.
You bite the orc priest, but do no damage.
The orc priest is severely wounded.
The orc priest closely misses you.
You hit the orc priest but do no damage.
The orc priest is severely wounded.
The orc priest barely misses you.
You hit the orc priest but do no damage.
You bite the orc priest. You drain its power.
The orc priest is severely wounded.
The orc priest hits you but does no damage.
You barely miss the orc priest.
You bite the orc priest, but do no damage.
The orc priest is severely wounded.
The orc priest invokes the aid of Beogh against you.
Pain shoots through your body!
Ouch! That really hurt!
You are too injured to fight recklessly!
You are too injured to fight recklessly!
You are too injured to fight recklessly!
You are too injured to fight recklessly!
You are too injured to fight recklessly!
You are too injured to fight recklessly!
You hit the orc priest.
You bite the orc priest, but do no damage.
The orc priest is almost dead.
The orc priest invokes the aid of Beogh against you.
Pain shoots through your body!
* * * LOW HITPOINT WARNING * * *
You closely miss the orc priest. Your bite misses the orc priest.
The orc priest is almost dead.
You hit the orc priest but do no damage.
You bite the orc priest, but do no damage.
The orc priest is almost dead.
The orc priest mumbles some strange prayers to Beogh against you.
Beogh smites you!
Ouch! That really hurt!
You die...

#.....# ##.o### ##########
##.## #........# #o.#
#........# ##.##
#....#'#.##########..#
#....#.#.......#.....#
######.#.......#o###.##
##∩#......<@........
#≈.#......)#........#
#≈.#.......#........#
#######<#.......#.....#..#
....# #.#.......#######..#
###.###.#............ ..#
#...#'#.#÷####.....
#####.#.#.####.####
#..........#


You could see an orc priest.

Vanquished Creatures
  An orc priest (D:2)
  3 adders (D:2)
  3 worms (D:2)
  2 dart slugs (D:1)
  3 orcs
  4 ball pythons
  4 endoplasms
  A giant cockroach (D:2)
  2 goblins (D:1)
  4 hobgoblins
  A quokka (D:2)
  6 bats
  A frilled lizard (D:1)
  4 kobolds
39 creatures vanquished.

Notes
Turn   | Place    | Note
-------+----------+-------------------------------------------
     0 | D:1      | coolguy69 the Vine Stalker Monk began the quest for the
                  | Orb.
     0 | D:1      | Reached XP level 1. HP: 11/11 MP: 2/2
   124 | D:1      | Reached XP level 2. HP: 5/16 MP: 1/3
   362 | D:1      | Found a faded altar of an unknown god.
  1084 | D:2      | Reached XP level 3. HP: 19/19 MP: 4/4
  1184 | D:2      | Found a broken altar of Ashenzari.
  1755 | D:2      | Gained mutation: Your natural rate of healing is unusually
                  | fast. [Vine Stalker growth]
  1755 | D:2      | Reached XP level 4. HP: 20/24 MP: 3/5
  2460 | D:3      | Found Qaluimu's General Store.
  2468 | D:3      | Reached skill level 1 in Armour
  2622 | D:3      | Found Mauridem's Assorted Antiques.
  2919 | D:3      | HP: 1/24 [orc priest/nerve-wracking pain (11)]
  2921 | D:3      | Killed from afar by an orc priest

Illustrated notes

Levels and vault maps discovered:
D:1:      minmay_arrival_doors, layout_basic, basic_ecumenical_altar,
          columned_hall_lemuel
D:2:      layout_basic, basic_altar
D:3:      layout_basic, serial_shops, nicolae_shop_hallway_stairs, shop_statue,
          nicolae_shop_crystal

Skill      XL: |  1  2  3  4 |
---------------+-------------+-----
Short Blades   | 3 |  3.6
Fighting       | 3 |  3.1
Stealth        | 3 |  3.3
Armour         | 1 |  1.3
Dodging        | |  2.7

Action                   |  1- 3 |  4- 6 || total
-------------------------+-------+-------++-------
Melee: Short sword       |   118 |    76 ||   194
       Bite              |    25 |    29 ||    54
  Use: Scroll            |     3 |     2 ||     5
 Stab: Sleeping          |     4 |     3 ||     7
Armor: Robe              |     2 |       ||     2
       Ring mail         |    44 |    42 ||    86
Dodge: Dodged            |    52 |    51 ||   103

Table legend: (Time is in decaauts)
 A = Elapsed time spent in this place.
 B = Non-inter-level travel time spent in this place.
 C = Inter-level travel time spent in this place.
 D = Time resting spent in this place.
 E = Time spent auto-exploring this place.
 F = Levels seen in this place.
 G = Mean time per level.
                   A        B        C        D        E       F      G
               +--------+--------+--------+--------+--------+-----+--------+
         Total |   2911 |   2808 |    103 |    967 |   1399 |   3 |  970.3 |
       Dungeon |   2911 |   2808 |    103 |    967 |   1399 |   3 |  970.3 |
               +--------+--------+--------+--------+--------+-----+--------+

Top non-repeatable levels by time:
     D:2: 1624 daAuts
     D:1: 1072 daAuts
     D:3: 213 daAuts
